| TOP OF THE 1ST |
|
Houston Colt .45's batting - Pitching for Miami Beach Marlins : RHP Jamie Rappoport
|
|
Pitching: RHP Jamie Rappoport
|
|
|
Batting: RHB Jarno van Lente
|
0-0: Called Strike 0-1: Ball 1-1: SINGLE (Groundball, 6MD, EV 105.6 MPH)
|
|
Batting: RHB Arnold Schuler
|
0-0: Called Strike 0-1: Foul Ball, location: 2F 0-2: Ground out 6-3 (Groundball, 6M, EV 101.2 MPH) Jarno van Lente to second
|
|
Batting: LHB Bert Middleton
|
0-0: Called Strike 0-1: Ball 1-1: Swinging Strike 1-2: Ball 2-2: Strikes out swinging
|
|
Batting: LHB Vecdi Hodensack
|
0-0: Ball 1-0: Called Strike 1-1: Ball 2-1: Ball 3-1: Foul Ball, location: 2F 3-2: Foul Ball, location: 2F 3-2: Strikes out swinging
|
| Top of the 1st over - 0 runs, 1 hit, 0 errors, 1 left on base; Houston 0 - Miami Beach 0 |
| BOTTOM OF THE 1ST |
|
Miami Beach Marlins batting - Pitching for Houston Colt .45's : RHP David Sanchez
|
|
Pitching: RHP David Sanchez
|
|
|
Batting: RHB Jim Smallwood
|
0-0: Called Strike 0-1: Foul Ball, location: 2F 0-2: Foul Ball, location: 2F 0-2: Ball 1-2: Ball 2-2: SINGLE (Groundball, 6D, EV 105.0 MPH)
|
|
Batting: RHB Corbin Chauvin
|
0-0: Called Strike Jim Smallwood steals 2nd base 0-1: Ball 1-1: Foul Ball, location: 2F 1-2: Foul Ball, location: 2F 1-2: Ball 2-2: Ground out 4-3 (Groundball, 4, EV 100.6 MPH) Jim Smallwood to third
|
|
Batting: RHB Torquato Uso
|
0-0: Ball 1-0: Ball 2-0: Called Strike 2-1: Fly out, F8 (Flyball, 8LXD, EV 97.5 MPH) Runner from 3rd tags up, SCORES, no throw by CF
|
|
Batting: SHB Emmet Brickowski
|
0-0: Ball 1-0: Ball 2-0: Ball 3-0: Called Strike 3-1: Base on Balls
|
|
Batting: LHB Henry Huezo
|
0-0: Ball Emmet Brickowski is caught stealing 2nd base 2-6
|
| Bottom of the 1st over - 1 run, 1 hit, 0 errors, 0 left on base; Houston 0 - Miami Beach 1 |
| TOP OF THE 2ND |
|
Houston Colt .45's batting - Pitching for Miami Beach Marlins : RHP Jamie Rappoport
|
|
Batting: RHB Bill Borden
|
0-0: Foul Ball, location: 2F 0-1: Called Strike 0-2: Ground out 4-3 (Groundball, 4S, EV 85.0 MPH)
|
|
Batting: RHB Tim Williams
|
0-0: Ball 1-0: Ball 2-0: Foul Ball, location: 2F 2-1: Fly out, F8 (Flyball, 89D, EV 108.8 MPH)
|
|
Batting: RHB Jamie Walker
|
0-0: Called Strike 0-1: Ball 1-1: Foul Ball, location: 2F 1-2: Foul Ball, location: 2F 1-2: Ball 2-2: Strikes out swinging
|
| Top of the 2nd over - 0 runs, 0 hits, 0 errors, 0 left on base; Houston 0 - Miami Beach 1 |
| BOTTOM OF THE 2ND |
|
Miami Beach Marlins batting - Pitching for Houston Colt .45's : RHP David Sanchez
|
|
Batting: LHB Henry Huezo
|
0-0: Foul Ball, location: 2F 0-1: Foul Ball, location: 2F 0-2: Ball 1-2: Strikes out swinging
|
|
Batting: RHB Josh Jones
|
0-0: Fly out, F7 (Flyball, 7, EV 78.1 MPH)
|
|
Batting: RHB Chris Harlow
|
0-0: SOLO HOME RUN (Flyball, 7LD, EV 102.5 MPH), Distance : 397 ft
|
|
Batting: RHB Francisco Valenzuela
|
0-0: Called Strike 0-1: Ball 1-1: Swinging Strike 1-2: Foul Ball, location: 2F 1-2: Ball 2-2: Fly out, F9 (Flyball, 89S, EV 84.4 MPH)
|
| Bottom of the 2nd over - 1 run, 1 hit, 0 errors, 0 left on base; Houston 0 - Miami Beach 2 |
| TOP OF THE 3RD |
|
Houston Colt .45's batting - Pitching for Miami Beach Marlins : RHP Jamie Rappoport
|
|
Batting: RHB Fernando Acosta
|
0-0: Ball 1-0: Called Strike 1-1: Ball 2-1: Foul Ball, location: 2F 2-2: Ball 3-2: Foul Ball, location: 2F 3-2: Foul Ball, location: 2F 3-2: Foul Ball, location: 2F 3-2: Foul Ball, location: 2F 3-2: Ground out 6-3 (Groundball, 6, EV 108.1 MPH)
|
|
Batting: RHB Kenny Beall
|
0-0: Ball 1-0: Foul Ball, location: 2F 1-1: Called Strike 1-2: Ball 2-2: Ball 3-2: Base on Balls
|
|
Batting: RHB Jarno van Lente
|
0-0: Called Strike 0-1: Ball 1-1: Foul Ball, location: 2F 1-2: Ball 2-2: Foul Ball, location: 2F 2-2: Ground out U3 (Groundball, 34S, EV 66.2 MPH) Kenny Beall to second
|
|
Batting: RHB Arnold Schuler
|
0-0: Ball 1-0: Ball 2-0: Ball 3-0: Called Strike 3-1: Ground out 4-3 (Groundball, 4M, EV 104.4 MPH)
|
| Top of the 3rd over - 0 runs, 0 hits, 0 errors, 1 left on base; Houston 0 - Miami Beach 2 |
| BOTTOM OF THE 3RD |
|
Miami Beach Marlins batting - Pitching for Houston Colt .45's : RHP David Sanchez
|
|
Batting: RHB Hektor Luvian
|
0-0: Called Strike 0-1: Swinging Strike 0-2: Strikes out looking
|
|
Batting: RHB Jim Smallwood
|
0-0: Hit by Pitch
|
|
Batting: RHB Corbin Chauvin
|
0-0: Swinging Strike 0-1: Ball Jim Smallwood is caught stealing 2nd base 2-4 1-1: Ball 2-1: Fly out, F9 (Flyball, 89S, EV 93.1 MPH)
|
| Bottom of the 3rd over - 0 runs, 0 hits, 0 errors, 0 left on base; Houston 0 - Miami Beach 2 |
| TOP OF THE 4TH |
|
Houston Colt .45's batting - Pitching for Miami Beach Marlins : RHP Jamie Rappoport
|
|
Batting: LHB Bert Middleton
|
0-0: Ball 1-0: Foul Ball, location: 2F 1-1: Ball 2-1: Swinging Strike 2-2: Foul Ball, location: 2F 2-2: Strikes out looking
|
|
Batting: LHB Vecdi Hodensack
|
0-0: Foul Ball, location: 2F 0-1: Ball 1-1: Fly out, F8 (Flyball, 8LS, EV 91.9 MPH)
|
|
Batting: RHB Bill Borden
|
0-0: Called Strike 0-1: Ball 1-1: Fly out, F9 (Flyball, 9, EV 97.5 MPH)
|
| Top of the 4th over - 0 runs, 0 hits, 0 errors, 0 left on base; Houston 0 - Miami Beach 2 |
| BOTTOM OF THE 4TH |
|
Miami Beach Marlins batting - Pitching for Houston Colt .45's : RHP David Sanchez
|
|
Batting: RHB Torquato Uso
|
0-0: Called Strike 0-1: Fly out, F7 (Flyball, 7, EV 90.6 MPH)
|
|
Batting: SHB Emmet Brickowski
|
0-0: Ball 1-0: Foul Ball, location: 2F 1-1: Reached on error, E1 (Groundball, 15S, EV 62.5 MPH)
|
|
Batting: LHB Henry Huezo
|
0-0: Called Strike 0-1: Ball 1-1: Ball 2-1: Ball Emmet Brickowski is caught stealing 3rd base 2-5 3-1: Foul Ball, location: 2F 3-2: Strikes out looking
|
| Bottom of the 4th over - 0 runs, 0 hits, 1 error, 0 left on base; Houston 0 - Miami Beach 2 |
| TOP OF THE 5TH |
|
Houston Colt .45's batting - Pitching for Miami Beach Marlins : RHP Jamie Rappoport
|
|
Batting: RHB Tim Williams
|
0-0: Ground out 6-3 (Groundball, P, EV 88.1 MPH)
|
|
Batting: RHB Jamie Walker
|
0-0: Ball 1-0: Swinging Strike 1-1: Called Strike 1-2: Ball 2-2: Ball 3-2: DOUBLE (Groundball, 5L, EV 111.2 MPH)
|
|
Batting: RHB Fernando Acosta
|
0-0: Called Strike 0-1: Ball 1-1: Swinging Strike 1-2: Ball 2-2: Foul Ball, location: 2F 2-2: Strikes out swinging
|
|
Batting: RHB Kenny Beall
|
0-0: Ball 1-0: Ball 2-0: Ground out 1-3 (Groundball, 13S, EV 69.4 MPH)
|
| Top of the 5th over - 0 runs, 1 hit, 0 errors, 1 left on base; Houston 0 - Miami Beach 2 |
| BOTTOM OF THE 5TH |
|
Miami Beach Marlins batting - Pitching for Houston Colt .45's : RHP David Sanchez
|
|
Batting: RHB Josh Jones
|
0-0: Foul Ball, location: 2F 0-1: Swinging Strike 0-2: Strikes out swinging
|
|
Batting: RHB Chris Harlow
|
0-0: Ball 1-0: Ground out 6-3 (Groundball, 6, EV 86.9 MPH)
|
|
Batting: RHB Francisco Valenzuela
|
0-0: Ball 1-0: Called Strike 1-1: Ball 2-1: Foul Ball, location: 2F 2-2: Strikes out swinging
|
| Bottom of the 5th over - 0 runs, 0 hits, 0 errors, 0 left on base; Houston 0 - Miami Beach 2 |
| TOP OF THE 6TH |
|
Houston Colt .45's batting - Pitching for Miami Beach Marlins : RHP Jamie Rappoport
|
|
Pitching: RHP Konoye Murakami
|
|
|
Batting: RHB Jarno van Lente
|
0-0: Called Strike 0-1: Ball 1-1: Foul Ball, location: 2F 1-2: Ball 2-2: Ball 3-2: SINGLE (Groundball, 6MD, EV 97.5 MPH)
|
|
Batting: RHB Arnold Schuler
|
0-0: Ball Jarno van Lente is caught stealing 2nd base 2-4 1-0: Swinging Strike 1-1: Ball 2-1: Foul Ball, location: 2F 2-2: Strikes out looking
|
|
Batting: LHB Bert Middleton
|
0-0: Swinging Strike 0-1: Foul Ball, location: 2F 0-2: Foul Ball, location: 2F 0-2: Strikes out looking
|
| Top of the 6th over - 0 runs, 1 hit, 0 errors, 0 left on base; Houston 0 - Miami Beach 2 |
| BOTTOM OF THE 6TH |
|
Miami Beach Marlins batting - Pitching for Houston Colt .45's : RHP David Sanchez
|
|
Batting: RHB Hektor Luvian
|
0-0: Called Strike 0-1: Fly out, F9 (Flyball, 9, EV 90.0 MPH)
|
|
Batting: RHB Jim Smallwood
|
0-0: Ball 1-0: Ball 2-0: Foul Ball, location: 2F 2-1: Called Strike 2-2: Strikes out swinging
|
|
Batting: RHB Corbin Chauvin
|
0-0: Ball 1-0: Hit by Pitch
|
|
Batting: RHB Torquato Uso
|
0-0: Ball 1-0: 2-RUN HOME RUN (Flyball, 7D, EV 100.0 MPH), Distance : 396 ft
|
|
Batting: SHB Emmet Brickowski
|
0-0: Ball 1-0: Ball 2-0: Ball 3-0: Called Strike 3-1: Base on Balls
|
|
Pitching: LHP Jordan Garcia
|
|
|
Batting: LHB Henry Huezo
|
0-0: Ball 1-0: Foul Ball, location: 2F 1-1: Foul Ball, location: 2F 1-2: Strikes out swinging
|
| Bottom of the 6th over - 2 runs, 1 hit, 0 errors, 1 left on base; Houston 0 - Miami Beach 4 |
| TOP OF THE 7TH |
|
Houston Colt .45's batting - Pitching for Miami Beach Marlins : RHP Konoye Murakami
|
|
Batting: LHB Vecdi Hodensack
|
0-0: Called Strike 0-1: Called Strike 0-2: Ball 1-2: Ball 2-2: Ball 3-2: Strikes out swinging
|
|
Pinch Hitting: LHB Ryan Fridley
|
0-0: Ball 1-0: Fly out, F9 (Line Drive, 9, EV 90.0 MPH)
|
|
Batting: RHB Tim Williams
|
0-0: Ball 1-0: Fly out, F9 (Flyball, 9, EV 90.6 MPH)
|
| Top of the 7th over - 0 runs, 0 hits, 0 errors, 0 left on base; Houston 0 - Miami Beach 4 |
| BOTTOM OF THE 7TH |
|
Miami Beach Marlins batting - Pitching for Houston Colt .45's : LHP Jordan Garcia
|
|
Now in LF: Ryan Fridley
|
|
|
Now in RF: Jamie Walker
|
|
|
Batting: RHB Josh Jones
|
0-0: Foul Ball, location: 2F 0-1: Ball 1-1: Foul Ball, location: 2F 1-2: Fly out, F4 (Popup, 34S, EV 82.5 MPH)
|
|
Batting: RHB Chris Harlow
|
0-0: Ball 1-0: Foul Ball, location: 2F 1-1: Ball 2-1: Foul Ball, location: 2F 2-2: Ground out 3-1 (Groundball, 34, EV 91.9 MPH)
|
|
Batting: RHB Francisco Valenzuela
|
0-0: Fly out, F3 (Line Drive, 3L, EV 68.8 MPH)
|
| Bottom of the 7th over - 0 runs, 0 hits, 0 errors, 0 left on base; Houston 0 - Miami Beach 4 |
| TOP OF THE 8TH |
|
Houston Colt .45's batting - Pitching for Miami Beach Marlins : RHP Konoye Murakami
|
|
Pinch Hitting: RHB Jesus Diego
|
0-0: Foul Ball, location: 2F 0-1: Swinging Strike 0-2: Ball 1-2: Foul Ball, location: 2F 1-2: Ball 2-2: Foul Ball, location: 2F 2-2: Ball 3-2: Foul Ball, location: 2F 3-2: Foul Ball, location: 2F 3-2: Foul Ball, location: 2F 3-2: Base on Balls
|
|
Batting: RHB Fernando Acosta
|
0-0: Called Strike 0-1: Ground out 5-3 (Groundball, 56S, EV 67.5 MPH) Jesus Diego to second
|
|
Batting: RHB Kenny Beall
|
0-0: Swinging Strike 0-1: Ball Wild Pitch! Jesus Diego to third 1-1: Called Strike 1-2: Ball 2-2: Ball 3-2: Strikes out swinging
|
|
Pitching: LHP Tom Boyko
|
|
|
Batting: RHB Jarno van Lente
|
0-0: Foul Ball, location: 2F 0-1: Foul Ball, location: 2F 0-2: Fly out, F8 (Flyball, 8LD, EV 102.5 MPH)
|
| Top of the 8th over - 0 runs, 0 hits, 0 errors, 1 left on base; Houston 0 - Miami Beach 4 |
| BOTTOM OF THE 8TH |
|
Miami Beach Marlins batting - Pitching for Houston Colt .45's : LHP Jordan Garcia
|
|
Now in RF: Jesus Diego
|
|
|
Batting: RHB Hektor Luvian
|
0-0: Called Strike 0-1: Foul Ball, location: 2F 0-2: Ball 1-2: Strikes out swinging
|
|
Batting: RHB Jim Smallwood
|
0-0: Swinging Strike 0-1: Ball 1-1: Ball 2-1: Ball 3-1: Base on Balls
|
|
Pitching: RHP Marc Marchand
|
|
|
Batting: RHB Corbin Chauvin
|
Pickoff Throw to First - Out! 1-3 0-0: Ball 1-0: Fly out, F8 (Line Drive, 8RM, EV 89.4 MPH)
|
| Bottom of the 8th over - 0 runs, 0 hits, 0 errors, 0 left on base; Houston 0 - Miami Beach 4 |
| TOP OF THE 9TH |
|
Houston Colt .45's batting - Pitching for Miami Beach Marlins : LHP Tom Boyko
|
|
Batting: RHB Arnold Schuler
|
0-0: Ground out 5-3 (Groundball, 56S, EV 82.5 MPH)
|
|
Pinch Hitting: RHB Leo Lopez
|
0-0: Called Strike 0-1: Called Strike 0-2: Ball 1-2: Strikes out swinging
|
|
Batting: LHB Vecdi Hodensack
|
0-0: Foul Ball, location: 2F 0-1: Ball 1-1: Ball 2-1: Ball 3-1: Foul Ball, location: 2F 3-2: Foul Ball, location: 2F 3-2: Base on Balls
|
|
Batting: LHB Ryan Fridley
|
0-0: Ball 1-0: Ball 2-0: Fly out, F8 (Flyball, 78D, EV 101.2 MPH)
|
| Top of the 9th over - 0 runs, 0 hits, 0 errors, 1 left on base; Houston 0 - Miami Beach 4 |
|